 Dungeon Crawl Stone Soup version 0.27.1-3-gb3d3a73c9e (webtiles) character file.

Game seed: 17646756928632719856

2228 pkoi the Grappler (level 9, -4/80 HPs)
             Began as a Troll Monk on Oct 11, 2021.
             Was an Elder of Qazlal.
             Slain by a wyvern (8 damage)
             ... on level 5 of the Dungeon.
             The game lasted 00:06:42 (4278 turns).

pkoi the Grappler (Troll Monk)                      Turns: 4278, Time: 00:06:42

Health: -4/80      AC:  7    Str: 30    XL:     9   Next: 14%
Magic:  0/13       EV: 10    Int:  6    God:    Qazlal [****..]
Gold:   248        SH:  5    Dex: 12    Spells: 8/8 levels left

rFire    . . .     SeeInvis .     - Unarmed
rCold    . . .     Faith    .   (no shield)
rNeg     . . .     Spirit   .   a - +0 robe
rPois    .         Reflect  .   (helmet restricted)
rElec    .         Harm     .   (no cloak)
rCorr    .         Rampage  .   (gloves unavailable)
Will     .....                  (boots unavailable)
Stlth    +.........             (no amulet)
HPRegen  1.23/turn              f - +6 ring of strength
MPRegen  0.13/turn              (no ring)

@: protected from physical damage, repel missiles
A: large, unfitting armour, claws 3, regeneration 1, shaggy fur 1, tough skin 1
a: Renounce Religion, Upheaval, Elemental Force


You were on level 5 of the Dungeon.
You worshipped Qazlal.
Qazlal was greatly pleased with you.
You visited 2 branches of the dungeon, and saw 7 of its levels.

You collected 323 gold pieces.
You spent 75 gold pieces at shops.

Inventory:

Missiles
 j - 12 throwing nets (quivered)
Armour
 a - a +0 robe (worn)
Jewellery
 f - a +6 ring of strength (left claw)
 s - a ring of fire
Wands
 i - a wand of flame (16)
 p - a wand of paralysis (13)
Scrolls
 d - a scroll of blinking
 g - 2 scrolls of teleportation
 l - a scroll of identify
 m - a scroll of magic mapping {unknown}
 r - a scroll of brand weapon {unknown}
Potions
 b - 2 potions of flight {unknown}
 c - 3 potions of degeneration {unknown}
 e - a potion of haste
 h - 3 potions of curing {unknown}
 k - 2 potions of lignification {unknown}
 n - a potion of brilliance {unknown}
 o - a potion of magic {unknown}
 q - a potion of heal wounds {unknown}


   Skills:
 + Level 2.8 Fighting
 + Level 2.8 Dodging
 - Level 1.0 Stealth
 * Level 9.1 Unarmed Combat
 * Level 7.4 Invocations


You had 8 spell levels left.
You didn't know any spells.
Your spell library contained the following spells:

 Spells                   Type           Power      Damage    Failure   Level
 Slow                     Hex            0%         N/A       58%         2
 Sublimation of Blood     Necr           0%         N/A       58%         2
 Wereblood                Tmut           0%         N/A       58%         2
 Confusing Touch          Hex            0%         N/A       83%         3
 Vampiric Draining        Necr           0%         2d6       83%         3
 Summon Hydra             Summ           0%         N/A       100%        7


Dungeon Overview and Level Annotations

Branches:
Dungeon (6/15)             Temple (1/1) D:5

Altars:
Ashenzari
Fedhas
Hepliaklqana
Qazlal
Sif Muna
Uskayaw
Zin
The Shining One

Shops:
D:3 ?*


Innate Abilities, Weirdness & Mutations

You are too large for most types of armour.
You have claws for hands.
Your natural rate of healing is unusually fast.
You are covered in fur. (AC +1)
You have tough skin. (AC +1)


Message History

You mangle the centaur!!
You kill the centaur!
Qazlal accepts your kill.
You feel sick. The water moccasin barely misses you. The ice beast hits you.
* * * LOW HITPOINT WARNING * * *
The ice beast freezes you.
* * * LOW HITPOINT WARNING * * *
The wyvern bites you!
* * * LOW HITPOINT WARNING * * *
You feel sick.
The water moccasin bites you but does no damage.
Things that are here:
a +0 shortbow; 18 arrows Unknown command.
Nature churns violently around you!
You can no longer call upon nature's wrath in a wide area around you.
You feel sick. You block the wyvern's attack.
The water moccasin closely misses you. You block the wyvern's attack.
Unknown command.
Unknown command.
Unknown command.
Unknown command.
Unknown command.
Clouds arounds you coalesce and take form!
You feel sick.
You are no longer poisoned.
The water moccasin closely misses you.
The wyvern bites you but does no damage.
Something hits your earth elemental but does no damage.
You block the water moccasin's attack.
Unknown command.
You barely miss the wyvern.
The wyvern is severely wounded.
The wyvern bites you but does no damage.
Your air elemental completely misses the wyvern.
Something hits your earth elemental but does no damage.
The water moccasin bites you.
* * * LOW HITPOINT WARNING * * *
The wyvern bites you!
You die...

...<...........#.........#....###
...............##.##.##.##..###
...#..........##.........####
...##.........####........###
..[.........................###
...........######.............#
...........#..##..E.....#.....###
..............☼.SlE.....#.......#
...............#@#..........#.###
...............###........###.#
.........................######
.......#.................#.#
#.#...####.......##........##
###...##.........##......[..#
#######......#..#........##
#......##..####....##
#......##...........#


You could see a water moccasin, a wyvern (ally target), a friendly earth
elemental (summoned) and a friendly air elemental (summoned).

Vanquished Creatures
  Grinder (D:3)
  Grum (D:5)
  2 black bears
  A necrophage (D:5)
  A centaur (D:5)
  A wolf (D:5)
  6 gnoll sergeants (D:5)
  2 water moccasin skeletons
  A bullfrog zombie (D:5)
  2 gnoll shamans
  An orc priest (D:5)
  A centaur skeleton (D:6)
  9 hounds
  Jessica (D:3)
  2 orc wizards (D:5)
  5 iguanas
  Natasha (thrice) (D:3)
  19 gnolls
  2 adders
  A white imp (D:5)
  An ufetubus (D:4)
  3 worms
  2 dart slugs
  5 orcs
  3 bats
  5 endoplasms
  5 giant cockroaches
  3 hobgoblins
  7 jackals
  8 kobolds
  A quokka (D:1)
  5 ball pythons
  8 frilled lizards
  9 goblins
  3 rats
130 creatures vanquished.

Vanquished Creatures (others)
  A fungus (D:3)
  2 plants (D:3)
3 creatures vanquished.

Grand Total: 133 creatures vanquished

Notes
Turn   | Place    | Note
-------+----------+-------------------------------------------
     0 | D:1      | pkoi the Troll Monk began the quest for the Orb.
     0 | D:1      | Reached XP level 1. HP: 22/22 MP: 0/0
   229 | D:1      | Found a faded altar of an unknown god.
   236 | D:1      | Reached XP level 2. HP: 28/29 MP: 1/1
   237 | D:1      | Became a worshipper of Qazlal Stormbringer
   237 | D:1      | Reached * piety under Qazlal
   237 | D:1      | Reached ** piety under Qazlal
   666 | D:2      | Reached *** piety under Qazlal
   940 | D:2      | Reached skill level 4 in Unarmed Combat
   940 | D:2      | Reached skill level 1 in Invocations
   940 | D:2      | Reached XP level 3. HP: 36/36 MP: 2/2
  1186 | D:3      | Found a blossoming altar of Fedhas.
  1273 | D:3      | Noticed Natasha
  1275 | D:3      | Noticed Jessica
  1277 | D:3      | Killed Natasha
  1278 | D:3      | Reached XP level 4. HP: 42/44 MP: 2/4
  1282 | D:3      | Killed Jessica
  1311 | D:3      | Found a hide-covered altar of Uskayaw.
  1315 | D:3      | Noticed Grinder
  1317 | D:3      | Found Qaomir's Magic Scroll Emporium.
  1317 | D:3      | Paralysed by Grinder for 3 turns
  1342 | D:3      | Killed Grinder
  1343 | D:3      | Reached skill level 5 in Unarmed Combat
  1343 | D:3      | Reached XP level 5. HP: 43/50 MP: 4/6
  1343 | D:3      | Reached XP level 6. HP: 51/59 MP: 4/7
  1349 | D:3      | Found a shimmering blue altar of Sif Muna.
  1373 | D:3      | Found a broken altar of Ashenzari.
  1374 | D:3      | Found a glowing golden altar of the Shining One.
  1385 | D:3      | Reached **** piety under Qazlal
  1391 | D:3      | Found Olyr's General Store.
  1391 | D:3      | Noticed Natasha
  1398 | D:3      | Killed Natasha
  1415 | D:3      | Noticed Natasha
  1417 | D:3      | Killed Natasha
  1451 | D:3      | Found a stormy altar of Qazlal.
  1472 | D:3      | Bought a scroll of blinking for 75 gold pieces
  1542 | D:3      | You fall into a shaft and drop 3 floors!
  1768 | D:5      | Entered Level 5 of the Dungeon
  1774 | D:5      | Found a staircase to the Ecumenical Temple.
  1807 | D:5      | Reached skill level 6 in Unarmed Combat
  1845 | Temple   | Entered the Ecumenical Temple
  1886 | D:5      | Reached XP level 7. HP: 66/66 MP: 9/9
  1933 | D:5      | Reached skill level 5 in Invocations
  1997 | D:5      | Reached skill level 7 in Unarmed Combat
  2217 | D:4      | Reached XP level 8. HP: 69/74 MP: 11/11
  3489 | D:5      | Reached skill level 8 in Unarmed Combat
  3592 | D:5      | Reached ***** piety under Qazlal
  4125 | D:5      | Noticed Grum
  4136 | D:5      | Killed Grum
  4137 | D:5      | Reached skill level 9 in Unarmed Combat
  4137 | D:5      | Reached XP level 9. HP: 21/80 MP: 13/13
  4278 | D:5      | HP: 4/80 [water moccasin (6)]
  4278 | D:5      | Slain by a wyvern

Illustrated notes

Levels and vault maps discovered:
D:1:      psy_arrival_basics, layout_basic,
          hellmonk_ecumenical_altar_slurped_away, minmay_crystal_water
D:2:      layout_basic, corexii_shack, minmay_lizard_pond
D:3:      layout_rooms, mainiacjoe_overflow_alcove_4, minitemple,
          general_overflow_altar, fedhas_altar_3, serial_shops,
          nicolae_shop_trees, shop, uniq_jessica, uniq_natasha, uniq_grinder
D:4:      layout_basic
D:5:      layout_cave_pools, minmay_temple_entry_large_hall, serial_gnoll_camp,
          gnoll_camp_medium_02, grums_kennel, gnoll_camp_mini_hut,
          gnoll_camp_huts_basic, gnoll_camp_mini_house, gnoll_camp_mini_basic
D:6:      layout_basic, nicolae_elemental_shop, chequers_decorated_corner
Temple:   compressed_dpeg_triangle_lava_temple

Skill      XL: |  1  2  3  4  5  6  7  8 |
---------------+-------------------------+-----
Unarmed Combat | 4 5 6 7 9 |  9.1
Invocations    | 1 3 4 5 7 |  7.4
Fighting       | |  2.8
Dodging        | |  2.8
Stealth        | |  1.0

Action                   |  1- 3 |  4- 6 |  7- 9 || total
-------------------------+-------+-------+-------++-------
Melee: Unarmed           |    86 |    65 |   217 ||   368
       Punch             |     1 |     2 |     5 ||     8
Invok: Upheaval          |       |       |     1 ||     1
       Elemental Force   |       |       |     1 ||     1
       Disaster Area     |       |       |     1 ||     1
  Use: Scroll            |       |     4 |     1 ||     5
 Stab: Sleeping          |     2 |       |       ||     2
Armor: Robe              |    19 |    10 |    45 ||    74
Dodge: Dodged            |    27 |    30 |   109 ||   166
Block: Other             |    10 |     8 |    61 ||    79
